 Seeded DCSS version 0.31.0-32-g396128a36d (webtiles) character file.

Game seed: 4512655440555121726 (custom seed)

27 timneilson the Sneak (level 3, -6/20 HPs)
             Began as a Kobold Enchanter on Mar 30, 2024.
             Mangled by a ribbon worm (7 damage)
             ... on level 1 of the Dungeon.
             The game lasted 00:01:34 (462 turns).

timneilson the Sneak (Kobold Enchanter)              Turns: 462, Time: 00:01:34

Health: -6/20      AC:  2    Str:  5    XL:     3   Next: 25%
Magic:  6/6        EV: 15    Int: 16    God:
Gold:   27         SH:  0    Dex: 17    Spells: 6/6 levels left

rFire   . . .        a - +1 dagger
rCold   . . .        (no shield)
rNeg    . . .        b - +0 robe
rPois   .            (no helmet)
rElec   .            (no cloak)
rCorr   .            (no gloves)
SInv    .            (no boots)
Will    .....        (no amulet)
Stlth   ++++         (no ring)
HPRegen 0.23/turn    (no ring)
MPRegen 0.10/turn

%: no passive effects
@: no status effects
A: small, no large weapons, nightstalker 3
a: no special abilities


You were on level 1 of the Dungeon.
You visited 1 branch of the dungeon, and saw 1 of its levels.

You collected 27 gold pieces.

Inventory:

Hand Weapons
 a - a +1 dagger (weapon)
Missiles
 i - 2 curare-tipped darts (quivered)
Armour
 b - a +0 robe (worn)
Scrolls
 d - a scroll of torment {unknown}
 e - 3 scrolls of identify {unknown}
 f - a scroll of blinking {unknown}
 g - a scroll of teleportation {unknown}
 k - 2 scrolls of summoning {unknown}
Potions
 c - 2 potions of invisibility
 h - a potion of heal wounds {unknown}
 j - a potion of might {unknown}


   Skills:
 + Level 1.0 Fighting
 * Level 2.2 Short Blades
 + Level 0.5 Armour
 * Level 3.1 Dodging
 + Level 4.2 Stealth
 - Level 2.1 Spellcasting
 - Level 3.0 Hexes


You had 6 spell levels left.
You didn't know any spells.
Your spell library contained the following spells:

 Spells                   Type           Power      Damage    Failure   Level
 Slow                     Hex            44%        N/A       6%          1
 Ensorcelled Hibernation  Hex/Ice        12%        N/A       17%         2
 Confusing Touch          Hex            11%        N/A       19%         3
 Sigil of Binding         Hex            11%        N/A       19%         3
 Tukima's Dance           Hex            11%        N/A       19%         3
 Dazzling Flash           Conj/Hex       12%        N/A       32%         3
 Vampiric Draining        Necr           1%         2d6       52%         3


Dungeon Overview and Level Annotations

Branches:
Dungeon (1/15)

Altars:


Innate Abilities, Weirdness & Mutations

You are small and have problems with some larger weapons.
You are completely attuned to the shadows.


Message History

You hit the endoplasm.
The endoplasm is heavily wounded.
The endoplasm hits you but does no damage.
You hit the endoplasm but do no damage.
The endoplasm is heavily wounded.
You hit the endoplasm but do no damage.
The endoplasm is heavily wounded.
The endoplasm freezes you.
You are frozen.
You hit the endoplasm.
You kill the endoplasm!
You see here a +0 ring mail.
You now have 27 gold pieces (gained 8).
A ribbon worm comes into view.
Found a pair of gloves.
Unknown command.
You hit the ribbon worm.
The ribbon worm is lightly wounded.
The ribbon worm bites you.
You hit the ribbon worm.
The ribbon worm is moderately wounded.
The ribbon worm bites you.
You hit the ribbon worm.
The ribbon worm is moderately wounded.
The ribbon worm bites you.
You hit the ribbon worm.
The ribbon worm is moderately wounded.
You hit the ribbon worm but do no damage.
The ribbon worm is moderately wounded.
The ribbon worm misses you.
You barely miss the ribbon worm.
The ribbon worm is moderately wounded.
The ribbon worm bites you!
* * * LOW HITPOINT WARNING * * *
You hit the ribbon worm.
The ribbon worm is moderately wounded.
You hit the ribbon worm.
The ribbon worm is heavily wounded.
The ribbon worm bites you!
You die...

#..#######........########...
###...............##......#..
#†.)............##......##.
#...............##......##.
#........†......##......#..
#.........................#
#.####...#########......###
#.# #.....## #.>....#
#.##....^^@# #......#
#.#..^....w.# #......#
#.#..>...^[..# #......#
##...........# #.######
#....^.....## #.# ##.†......
#.# ##......^ #####.#
##.....# #.....#
##..######.#####


You could see a ribbon worm.

Vanquished Creatures
  2 ball pythons (D:1)
  3 bats (D:1)
  2 endoplasms (D:1)
  2 giant cockroaches (D:1)
  2 goblins (D:1)
  A hobgoblin (D:1)
  3 jackals (D:1)
  3 kobolds (D:1)
  A quokka (D:1)
  A frilled lizard (D:1)
  4 rats (D:1)
24 creatures vanquished.

Notes
Turn   | Place    | Note
-------+----------+-------------------------------------------
     0 | D:1      | timneilson the Kobold Enchanter began the quest for the
                  | Orb.
     0 | D:1      | Reached XP level 1. HP: 10/10 MP: 3/3
   121 | D:1      | Reached XP level 2. HP: 16/16 MP: 5/5
   258 | D:1      | Reached XP level 3. HP: 20/20 MP: 6/6
   335 | D:1      | Reached skill level 1 in Fighting
   460 | D:1      | HP: 1/20 [ribbon worm (7)]
   462 | D:1      | Mangled by a ribbon worm

Illustrated notes

Levels and vault maps discovered:
D:1:      amcnicky_arrival_blooded_trapdoor, layout_rooms, nicolae_wormholes

Skill      XL: |  1  2  3 |
---------------+----------+-----
Short Blades   | 2 |  2.2
Fighting       | 1 |  1.0
Dodging        | 3 |  3.1
Armour         | |  0.5
Stealth        | |  4.2
Spellcasting   | |  2.1
Hexes          | |  3.0

Action                     || total
---------------------------++-------
  Melee: Dagger            ||    68
   Stab: Sleeping          ||    14
 Armour: Robe              ||    19
  Dodge: Dodged            ||    34
